TOP OF THE 1ST |
Arizona State University Sun Devils batting - Pitching for University of Nebraska Cornhuskers : RHP Robert Mccabe
|
Pitching: RHP Robert Mccabe
|
|
Batting: RHB Kawenaula Kapali
|
0-0: Called Strike 0-1: Ground out 5-3 (Groundball, 56, EV 88.8 MPH)
|
Batting: RHB Carl Evans
|
0-0: Ball 1-0: Ball 2-0: Foul Ball, location: 2F 2-1: Ball 3-1: Called Strike 3-2: Ground out 4-3 (Groundball, 4, EV 103.8 MPH)
|
Batting: RHB Rusty Gee
|
0-0: Ball 1-0: Ball 2-0: Ball 3-0: Called Strike 3-1: Base on Balls
|
Batting: LHB Dustin Gill
|
0-0: DOUBLE (Line Drive, 7LD, EV 101.9 MPH) Rusty Gee to third
|
Batting: RHB Jun-hyuk Leem
|
0-0: Called Strike 0-1: Ground out U3 (Groundball, 3, EV 86.9 MPH)
|
Top of the 1st over - 0 runs, 1 hit, 0 errors, 2 left on base; Arizona State University 0 - University of Nebraska 0 |
BOTTOM OF THE 1ST |
University of Nebraska Cornhuskers batting - Pitching for Arizona State University Sun Devils : RHP Jon Allen
|
Pitching: RHP Jon Allen
|
|
Batting: LHB Luis Ponce
|
0-0: SINGLE (Line Drive, 78S, EV 96.9 MPH)
|
Batting: LHB Lupe Garcia
|
0-0: Ball 1-0: Swinging Strike 1-1: Swinging Strike 1-2: Strikes out swinging
|
Batting: LHB Jose Simental
|
0-0: Reached on error, E3 (Groundball, 3, EV 105.6 MPH) Luis Ponce to second
|
Batting: SHB Ed Thorpe Jr.
|
0-0: Swinging Strike 0-1: Foul Ball, location: 2F 0-2: Ball 1-2: Ball 2-2: Ball 3-2: Strikes out swinging
|
Batting: LHB Bob Appleby
|
0-0: Ground out 1-3 (Groundball, 13S, EV 67.5 MPH)
|
Bottom of the 1st over - 0 runs, 1 hit, 1 error, 2 left on base; Arizona State University 0 - University of Nebraska 0 |
TOP OF THE 2ND |
Arizona State University Sun Devils batting - Pitching for University of Nebraska Cornhuskers : RHP Robert Mccabe
|
Batting: LHB Burraga Iukini
|
0-0: Ball 1-0: Ball 2-0: Called Strike 2-1: DOUBLE (Flyball, 8LXD, EV 91.9 MPH)
|
Batting: LHB Ricky Hernandez
|
0-0: Ball 1-0: Ball 2-0: Called Strike 2-1: Foul Ball, location: 2F 2-2: Strikes out swinging
|
Batting: RHB Ben Lewis
|
0-0: Fly out, F7 (Flyball, 7, EV 89.4 MPH)
|
Batting: RHB Israel Tobias
|
0-0: Swinging Strike 0-1: SINGLE (Groundball, 34D, EV 96.2 MPH) Burraga Iukini to third Runner from 3rd tries for Home, SAFE, throw by RF to home
|
Batting: RHB Kawenaula Kapali
|
0-0: Called Strike 0-1: Called Strike 0-2: Strikes out swinging
|
Top of the 2nd over - 1 run, 2 hits, 0 errors, 1 left on base; Arizona State University 1 - University of Nebraska 0 |
BOTTOM OF THE 2ND |
University of Nebraska Cornhuskers batting - Pitching for Arizona State University Sun Devils : RHP Jon Allen
|
Batting: RHB Alex Gonzalez
|
0-0: SOLO HOME RUN (Flyball, 78XD, EV 113.8 MPH), Distance : 455 ft
|
Batting: RHB Danny Forbes
|
0-0: Called Strike 0-1: Swinging Strike 0-2: Strikes out looking
|
Batting: RHB Sergio Andrada
|
0-0: Called Strike 0-1: Foul Ball, location: 2F 0-2: SINGLE (Groundball, 4M, EV 93.8 MPH)
|
Batting: RHB Tyler Cohen
|
0-0: Called Strike 0-1: Ball 1-1: Ball Sergio Andrada is caught stealing 2nd base 2-4 2-1: Ball 3-1: SINGLE (Groundball, 56D, EV 98.8 MPH)
|
Batting: LHB Luis Ponce
|
0-0: Called Strike 0-1: Ball 1-1: Ball 2-1: Swinging Strike 2-2: Strikes out looking
|
Bottom of the 2nd over - 1 run, 3 hits, 0 errors, 1 left on base; Arizona State University 1 - University of Nebraska 1 |
TOP OF THE 3RD |
Arizona State University Sun Devils batting - Pitching for University of Nebraska Cornhuskers : RHP Robert Mccabe
|
Batting: RHB Carl Evans
|
0-0: Ball 1-0: Ball 2-0: SINGLE (Line Drive, 78S, EV 103.1 MPH)
|
Batting: RHB Rusty Gee
|
0-0: Ball 1-0: Ball Wild Pitch! Carl Evans to second 2-0: Ball 3-0: Base on Balls
|
Batting: LHB Dustin Gill
|
0-0: Fielders Choice at 2nd, 3-6 (Groundball, 34, EV 106.2 MPH) Carl Evans to third
|
Batting: RHB Jun-hyuk Leem
|
0-0: Ball 1-0: Foul Ball, location: 2F 1-1: Called Strike 1-2: Foul Ball, location: 2F 1-2: Grounds into double play, 6-4-3 (Groundball, 56, EV 91.2 MPH)
|
Top of the 3rd over - 0 runs, 1 hit, 0 errors, 1 left on base; Arizona State University 1 - University of Nebraska 1 |
BOTTOM OF THE 3RD |
University of Nebraska Cornhuskers batting - Pitching for Arizona State University Sun Devils : RHP Jon Allen
|
Batting: LHB Lupe Garcia
|
0-0: Ball 1-0: Ball 2-0: Foul Ball, location: 2F 2-1: Foul Ball, location: 2F 2-2: Ball 3-2: Strikes out swinging
|
Batting: LHB Jose Simental
|
0-0: SINGLE (Groundball, 6D, EV 96.9 MPH)
|
Batting: SHB Ed Thorpe Jr.
|
0-0: Called Strike 0-1: Swinging Strike 0-2: Ball 1-2: Foul Ball, location: 2F 1-2: Ball 2-2: Strikes out swinging
|
Batting: LHB Bob Appleby
|
0-0: Ball 1-0: Called Strike 1-1: Ground out 6-3 (Groundball, 6S, EV 90.6 MPH)
|
Bottom of the 3rd over - 0 runs, 1 hit, 0 errors, 1 left on base; Arizona State University 1 - University of Nebraska 1 |
TOP OF THE 4TH |
Arizona State University Sun Devils batting - Pitching for University of Nebraska Cornhuskers : RHP Robert Mccabe
|
Batting: LHB Burraga Iukini
|
0-0: Ball 1-0: Swinging Strike 1-1: Ball 2-1: Ball 3-1: Swinging Strike 3-2: Fly out, F8 (Flyball, 89S, EV 98.1 MPH)
|
Batting: LHB Ricky Hernandez
|
0-0: Ball 1-0: Ball 2-0: Ball 3-0: Called Strike 3-1: Base on Balls
|
Batting: RHB Ben Lewis
|
0-0: Called Strike 0-1: Ball 1-1: 2-RUN HOME RUN (Flyball, 7D, EV 102.5 MPH), Distance : 423 ft
|
Batting: RHB Israel Tobias
|
0-0: Called Strike 0-1: Ball 1-1: Ground out 5-3 (Groundball, 56, EV 85.0 MPH)
|
Pinch Hitting: LHB Timon Giorgiou
|
0-0: Ball 1-0: Called Strike 1-1: Foul Ball, location: 2F 1-2: Ball 2-2: Foul Ball, location: 2F 2-2: Foul Ball, location: 2F 2-2: Ball 3-2: Foul Ball, location: 2F 3-2: Foul Ball, location: 2F 3-2: Foul Ball, location: 2F 3-2: Ground out U3 (Groundball, 3, EV 87.5 MPH)
|
Top of the 4th over - 2 runs, 1 hit, 0 errors, 0 left on base; Arizona State University 3 - University of Nebraska 1 |
BOTTOM OF THE 4TH |
University of Nebraska Cornhuskers batting - Pitching for Arizona State University Sun Devils : RHP Jon Allen
|
Now at 2B: Timon Giorgiou
|
|
Batting: RHB Alex Gonzalez
|
0-0: Called Strike 0-1: Swinging Strike 0-2: Ball 1-2: Foul Ball, location: 2F 1-2: Strikes out swinging
|
Batting: RHB Danny Forbes
|
0-0: Foul Ball, location: 2F 0-1: Ball 1-1: Called Strike 1-2: Ball 2-2: Strikes out swinging
|
Batting: RHB Sergio Andrada
|
0-0: SINGLE (Flyball, 8LS, EV 95.6 MPH)
|
Batting: RHB Tyler Cohen
|
0-0: Swinging Strike 0-1: Ball 1-1: Fielders Choice at 2nd, 6-4 (Groundball, 6, EV 87.5 MPH)
|
Bottom of the 4th over - 0 runs, 1 hit, 0 errors, 1 left on base; Arizona State University 3 - University of Nebraska 1 |
TOP OF THE 5TH |
Arizona State University Sun Devils batting - Pitching for University of Nebraska Cornhuskers : RHP Robert Mccabe
|
Now at C: Joe McLaughlin
|
|
Now in LF: Kevin Brannon
|
|
Now in CF: Tony Cisneros
|
|
Now in RF: Stu Proulx
|
|
Batting: RHB Carl Evans
|
0-0: Ball 1-0: Ball 2-0: SINGLE (Groundball, 5S, EV 71.9 MPH) (infield hit)
|
Pitching: RHP Jose Arredondo
|
|
Batting: RHB Rusty Gee
|
|
Batting: RHB George Willis
|
0-0: Ball 1-0: Called Strike 1-1: Called Strike 1-2: Foul Ball, location: 2F 1-2: Ball 2-2: Ball 3-2: Fielders Choice at 2nd, 1-6 (Groundball, 34S, EV 66.2 MPH)
|
Batting: LHB Dustin Gill
|
0-0: Called Strike Pickoff Throw to First - Out! 1-3 0-1: Foul Ball, location: 2F 0-2: Strikes out swinging
|
Top of the 5th over - 0 runs, 1 hit, 0 errors, 0 left on base; Arizona State University 3 - University of Nebraska 1 |
BOTTOM OF THE 5TH |
University of Nebraska Cornhuskers batting - Pitching for Arizona State University Sun Devils : RHP Jon Allen
|
Now at C: Stephen Wheeler
|
|
Batting: LHB Stu Proulx
|
0-0: Ball 1-0: Swinging Strike 1-1: Fly out, F4 (Popup, 23, EV 90.6 MPH)
|
Batting: LHB Mike Rawson
|
0-0: Ball 1-0: Swinging Strike 1-1: Ball 2-1: Ball 3-1: Swinging Strike 3-2: Strikes out looking
|
Batting: LHB Jose Simental
|
0-0: Ball 1-0: Foul Ball, location: 2F 1-1: Called Strike 1-2: Ground out 4-3 (Groundball, 4S, EV 85.0 MPH)
|
Bottom of the 5th over - 0 runs, 0 hits, 0 errors, 0 left on base; Arizona State University 3 - University of Nebraska 1 |
TOP OF THE 6TH |
Arizona State University Sun Devils batting - Pitching for University of Nebraska Cornhuskers : RHP Jose Arredondo
|
Pinch Hitting: RHB Bill Callbeck
|
0-0: Ball 1-0: Ball 2-0: Ground out 5-3 (Groundball, 5, EV 88.8 MPH)
|
Batting: LHB Burraga Iukini
|
0-0: Ball 1-0: Ball 2-0: Foul Ball, location: 2F 2-1: Foul Ball, location: 2F 2-2: Foul Ball, location: 2F 2-2: Strikes out swinging
|
Pinch Hitting: RHB David Krebs
|
0-0: Fly out, F9 (Flyball, 9LSF, EV 90.6 MPH)
|
Top of the 6th over - 0 runs, 0 hits, 0 errors, 0 left on base; Arizona State University 3 - University of Nebraska 1 |
BOTTOM OF THE 6TH |
University of Nebraska Cornhuskers batting - Pitching for Arizona State University Sun Devils : RHP Jon Allen
|
Pitching: RHP Hector Morales
|
|
Now at 3B: David Krebs
|
|
Now in LF: Bill Callbeck
|
|
Batting: SHB Ed Thorpe Jr.
|
0-0: Swinging Strike 0-1: Swinging Strike 0-2: Ball 1-2: Ball 2-2: Strikes out swinging
|
Batting: LHB Tony Cisneros
|
0-0: Ground out U3 (Groundball, 34S, EV 87.5 MPH)
|
Pinch Hitting: RHB Carlos Salazar
|
0-0: Ground out 5-3 (Groundball, 56, EV 88.8 MPH)
|
Bottom of the 6th over - 0 runs, 0 hits, 0 errors, 0 left on base; Arizona State University 3 - University of Nebraska 1 |
TOP OF THE 7TH |
Arizona State University Sun Devils batting - Pitching for University of Nebraska Cornhuskers : RHP Jose Arredondo
|
Pitching: LHP Marc Haigler
|
|
Now at 2B: Carlos Salazar
|
|
Batting: RHB Ben Lewis
|
0-0: Called Strike 0-1: Ball 1-1: Ball 2-1: Fly out, F7 (Flyball, 78S, EV 90.6 MPH)
|
Batting: RHB Stephen Wheeler
|
0-0: Called Strike 0-1: Ball 1-1: Foul Ball, location: 2F 1-2: Fly out, F8 (Flyball, 8RD, EV 99.4 MPH)
|
Batting: LHB Timon Giorgiou
|
0-0: Foul Ball, location: 2F 0-1: Ball 1-1: Ball 2-1: Foul Ball, location: 2F 2-2: Ball 3-2: Strikes out looking
|
Top of the 7th over - 0 runs, 0 hits, 0 errors, 0 left on base; Arizona State University 3 - University of Nebraska 1 |
BOTTOM OF THE 7TH |
University of Nebraska Cornhuskers batting - Pitching for Arizona State University Sun Devils : RHP Hector Morales
|
Pitching: RHP Joe Ledrew
|
|
Pinch Hitting: RHB Mario Lopec
|
0-0: Called Strike 0-1: Called Strike 0-2: Strikes out swinging, 2-3 out at first.
|
Batting: LHB Kevin Brannon
|
0-0: Called Strike 0-1: Ball 1-1: Fly out, F9 (Flyball, 9S, EV 84.4 MPH)
|
Batting: RHB Joe McLaughlin
|
0-0: Ground out 6-3 (Groundball, 6D, EV 102.5 MPH)
|
Bottom of the 7th over - 0 runs, 0 hits, 0 errors, 0 left on base; Arizona State University 3 - University of Nebraska 1 |
TOP OF THE 8TH |
Arizona State University Sun Devils batting - Pitching for University of Nebraska Cornhuskers : LHP Marc Haigler
|
Pitching: RHP Kevin Knickle
|
|
Now at 3B: Mario Lopec
|
|
Batting: RHB Carl Evans
|
0-0: Reached on error, E6 (Groundball, 6, EV 80.6 MPH)
|
Batting: RHB George Willis
|
0-0: Ball 1-0: Foul Ball, location: 2F 1-1: Foul Ball, location: 2F 1-2: Foul Ball, location: 2F 1-2: Foul Ball, location: 2F 1-2: Ball 2-2: Ball 3-2: Ground out 4-3 (Groundball, 4, EV 84.4 MPH) Carl Evans to third
|
Batting: LHB Dustin Gill
|
0-0: Ball 1-0: Called Strike 1-1: Ground out 6-3 (Groundball, 6, EV 83.1 MPH) Carl Evans scores
|
Batting: RHB Bill Callbeck
|
0-0: Ball 1-0: Ball 2-0: Called Strike 2-1: SOLO HOME RUN (Flyball, 78XD, EV 110.6 MPH), Distance : 446 ft
|
Batting: LHB Burraga Iukini
|
0-0: Ball 1-0: Ball 2-0: Ball 3-0: Called Strike 3-1: Base on Balls
|
Batting: RHB David Krebs
|
0-0: Ball 1-0: Ball 2-0: Ball 3-0: Called Strike 3-1: Base on Balls Burraga Iukini to second
|
Batting: RHB Ben Lewis
|
0-0: Called Strike 0-1: Ground out U3 (Groundball, 34, EV 94.4 MPH)
|
Top of the 8th over - 2 runs, 1 hit, 1 error, 2 left on base; Arizona State University 5 - University of Nebraska 1 |
BOTTOM OF THE 8TH |
University of Nebraska Cornhuskers batting - Pitching for Arizona State University Sun Devils : RHP Joe Ledrew
|
Pitching: LHP Jeremiah Brown
|
|
Batting: LHB Stu Proulx
|
0-0: Ball 1-0: Foul Ball, location: 2F 1-1: Ground out 4-3 (Groundball, 4, EV 88.8 MPH)
|
Batting: LHB Jamie Corbin
|
0-0: Foul Ball, location: 2F 0-1: Ground out 4-3 (Groundball, 4, EV 81.9 MPH)
|
Batting: LHB Jose Simental
|
0-0: Called Strike 0-1: Foul Ball, location: 2F 0-2: Ball 1-2: Ball 2-2: Ball 3-2: Foul Ball, location: 2F 3-2: Foul Ball, location: 2F 3-2: SINGLE (Flyball, 78S, EV 96.9 MPH)
|
Batting: SHB Ed Thorpe Jr.
|
0-0: Called Strike 0-1: Swinging Strike 0-2: Strikes out swinging
|
Bottom of the 8th over - 0 runs, 1 hit, 0 errors, 1 left on base; Arizona State University 5 - University of Nebraska 1 |
TOP OF THE 9TH |
Arizona State University Sun Devils batting - Pitching for University of Nebraska Cornhuskers : RHP Kevin Knickle
|
Pitching: RHP Kevin Weil
|
|
Batting: RHB Stephen Wheeler
|
0-0: Called Strike 0-1: Foul Ball, location: 2F 0-2: Foul Ball, location: 2F 0-2: Ball 1-2: Foul Ball, location: 2F 1-2: Ball 2-2: DOUBLE (Flyball, 89XD, EV 103.8 MPH)
|
Batting: LHB Timon Giorgiou
|
0-0: Ball 1-0: Bunted foul 1-1: Bunt missed! 1-2: Ball 2-2: Ball 3-2: Strikes out looking and he ARGUES THE CALL AND IS TOSSED!
|
Batting: RHB Carl Evans
|
0-0: Ball 1-0: Called Strike 1-1: Ball 2-1: Swinging Strike 2-2: SINGLE (Groundball, 56D, EV 105.6 MPH) Stephen Wheeler to third Runner from 3rd tries for Home, SAFE, throw by LF to home Carl Evans to second
|
Batting: RHB J.J. Meach
|
0-0: Called Strike 0-1: Called Strike 0-2: Ball 1-2: Ground out 6-3 (Groundball, 56D, EV 108.8 MPH)
|
Batting: LHB Dustin Gill
|
0-0: Ground out 6-3 (Groundball, 6, EV 84.4 MPH)
|
Top of the 9th over - 1 run, 2 hits, 0 errors, 1 left on base; Arizona State University 6 - University of Nebraska 1 |
BOTTOM OF THE 9TH |
University of Nebraska Cornhuskers batting - Pitching for Arizona State University Sun Devils : LHP Jeremiah Brown
|
Pitching: RHP Mario Rodriguez
|
|
Now at 2B: Manny Ortega
|
|
Batting: LHB Tony Cisneros
|
0-0: Called Strike 0-1: Ball 1-1: Foul Ball, location: 2F 1-2: SINGLE (Groundball, 15S, EV 65.0 MPH) (infield hit)
|
Pinch Hitting: RHB Nick Hernandes
|
0-0: Swinging Strike 0-1: Ball 1-1: Swinging Strike 1-2: Foul Ball, location: 2F 1-2: 2-RUN HOME RUN (Line Drive, 78XD, EV 111.9 MPH), Distance : 445 ft
|
Pinch Hitting: RHB Greg Oxford
|
0-0: Ball 1-0: Foul Ball, location: 2F 1-1: Called Strike 1-2: Strikes out looking
|
Batting: LHB Kevin Brannon
|
0-0: Foul Ball, location: 2F 0-1: Foul Ball, location: 2F 0-2: Ball 1-2: Ball 2-2: Ball 3-2: Strikes out swinging
|
Batting: RHB Joe McLaughlin
|
0-0: Ball 1-0: Ball 2-0: Called Strike 2-1: Called Strike 2-2: Strikes out swinging
|
Bottom of the 9th over - 2 runs, 2 hits, 0 errors, 0 left on base; Arizona State University 6 - University of Nebraska 3 |
|